 Dungeon Crawl Stone Soup version 0.18-a0-1805-g8ab820f (webtiles) character file.

57 warlockg3 the Skirmisher (level 3, 0/33 HPs)
             Began as a Draconian Fighter on Apr 26, 2016.
             Killed by divine providence
             ... invoked by an orc priest
              (12 damage)
             ... on level 3 of the Dungeon.
             The game lasted 00:04:49 (1838 turns).

warlockg3 the Skirmisher (Draconian Fighter)        Turns: 1838, Time: 00:04:51

Health: 0/33       AC:  5    Str: 19    XL:     3   Next: 73%
Magic:  3/3        EV: 10    Int:  8    God:
Gold:   106        SH:  9    Dex: 10    Spells: 0 memorised, 2 levels left

rFire  . . .     SeeInvis .     a - +0 long sword
rCold  . . .     Gourm    .     (armour unavailable)
rNeg   . . .     Faith    .     b - +0 shield
rPois  .         Spirit   .     (helmet restricted)
rElec  .         Dismiss  .     (no cloak)
rCorr  .         Reflect  .     (no gloves)
SustAt .         Harm     .     (no boots)
MR     .....     Rnd*Tele +     (no amulet)
Stlth  +.........               (no ring)
                                c - ring of teleportation (curse)

@: not resistant to hostile enchantments, very unstealthy
A: unfitting armour, cold-blooded, AC +5
a: no special abilities


You were on level 3 of the Dungeon.
You were not hungry.

You visited 1 branch of the dungeon, and saw 3 of its levels.

You collected 106 gold pieces.

Inventory:

Hand Weapons
 a - a +0 long sword (weapon)
Armour
 b - a +0 shield (worn)
Jewellery
 c - a cursed ring of teleportation (left hand)
Scrolls
 f - 2 scrolls of remove curse {unknown}
 g - 4 scrolls of identify {unknown}
 i - a scroll of amnesia {unknown}
 k - 4 scrolls of immolation {unknown}
 l - a scroll of noise {unknown}
Potions
 e - a potion of berserk rage
 j - a potion of invisibility {unknown}
 m - a potion of curing
Comestibles
 d - a bread ration
 h - a slice of pizza


   Skills:
 + Level 3.7 Fighting
 + Level 2.5 Long Blades
 + Level 3.3 Dodging
 + Level 0.2 Stealth
 + Level 3.4 Shields


You had 2 spell levels left.
You didn't know any spells.

Dungeon Overview and Level Annotations

Branches:
Dungeon (3/15)

Altars:
Dithmenos


Innate Abilities, Weirdness & Mutations

Your plain brown scales are hard (AC +5).
Your body does not fit into most forms of armour.
You are cold-blooded and may be slowed by cold attacks.


Message History

The orc wizard gestures at you while chanting.
The puff of frost hits you! The orc wizard barely misses you.
You block the orc wizard's attack.
You barely miss the orc wizard.
Your tail-slap misses the orc wizard.
The orc wizard is moderately wounded.
You block the orc wizard's attack. x2
You hit the orc wizard.
The orc wizard is moderately wounded.
You block the orc wizard's attack. The orc wizard barely misses you.
Your shield prevents you from hitting the orc wizard.
The orc wizard is moderately wounded.
The orc wizard hits you but does no damage.
You block the orc wizard's attack.
You barely miss the orc wizard.
Your tail-slap misses the orc wizard.
The orc wizard is moderately wounded.
The orc wizard miscasts a cantrip.
The orc wizard hits you but does no damage.
The orc priest invokes the aid of Beogh against you.
Beogh smites you!
You die...

.....#
.....#
###
..(..#
..#
.....#
#.#
.....##
#.#
......#
#.#
.#.#..#
#.#
.#.# #
#.#
.#.#
#@#
##.#
#o#
##.#
#o#
##.#
.g.
##.#
>.#
...#
#..#
..##
#..#
....
#..#
..###


You could see an orc priest, an orc wizard and a goblin.

Vanquished Creatures
  An adder (D:2)
  A worm (D:2)
  A dart slug (D:1)
  2 orcs (D:3)
  4 bats
  2 giant cockroaches (D:1)
  2 goblins
  6 hobgoblins
  6 jackals (D:3)
  3 kobolds
  A quokka (D:3)
  2 ball pythons
  4 giant newts
  3 rats
38 creatures vanquished.

Notes
Turn   | Place    | Note
--------------------------------------------------------------
     0 | D:1      | warlockg3 the Draconian Fighter began the quest for the Orb.
     0 | D:1      | Reached XP level 1. HP: 19/19 MP: 1/1
   419 | D:1      | Reached XP level 2. HP: 26/26 MP: 2/2
  1167 | D:2      | Found a faded altar to an unknown god.
  1173 | D:2      | Reached XP level 3. HP: 25/31 MP: 3/3
  1320 | D:2      | Found a shadowy altar of Dithmenos.
  1838 | D:3      | Killed from afar by an orc priest

Vault maps used:
D:1:      dpeg_chamrin_arrival_tetris, serial_co_window_serial,
          co_window_corner_a, co_window_paths_a, co_window_paths_a,
          co_window_paths_a, co_window_paths_b, co_window_paths_b,
          co_window_of_opportunity_c, co_window_corner_b, co_window_broadway_a,
          co_window_broadway_c
D:2:      nicolae_overflow_hidden_temple, ecumenical_altar_1
D:3:      nicolae_qazlal_general_emergency, uniq_iyjb, uniq_purgy, uniq_grinder

Skill      XL: |  1  2 |
---------------+-------+-----
Dodging        | 3 |  3.3
Fighting       | |  3.7
Long Blades    | |  2.5
Stealth        | |  0.2
Shields        | |  3.4

Action                   || total
-------------------------++-------
Melee: Long sword        ||   125
       Tailslap          ||    17
  Use: Potion            ||     6
 Stab: Sleeping          ||     1
  Eat: Chunk             ||     2
       Bread ration      ||     1
Armor: Skin              ||    50
Dodge: Dodged            ||   118
Block: Shield            ||   113
